General information
- name: BNet
- type: Ladder team game (AT/RT)
- host: Battle.net
- saver: WII-U-GONNA-ROC
map: Deadlock
- players: 8
- length: 25:59
- speed: Fast
- version: 1.26 W3XP
- replay type: Public
» download(214 KB)
Players
team 1 (loser)

»
FurryAvengeR (
yellow | 34 APM | 750 actions | 21:52)
3 Death Knight
2 Death Coil
1 Unholy Aura
» actions
| Assign group hotkey | 5 | |
| Basic commands | 88 | |
| Build / train | 18 | |
| Enter build submenu | 9 | |
| Enter hero's abilities submenu | 3 | |
| Right click | 229 | |
| Select / deselect | 105 | |
| Select group hotkey | 255 | |
| Use ability | 38 | |
750 total
» units
| Acolyte | 2 | |
| Ghoul | 2 | |
| Crypt Fiend | 4 | |
8 total
» buildings
| Altar of Darkness | 1 | |
| Crypt | 1 | |
| Ziggurat | 2 | |
| Graveyard | 1 | |
| Tomb of Relics | 1 | |
| Halls of the Dead | 1 | |
| Nerubian Tower | 1 | |
| Spirit Tower | 1 | |
9 total
» build order
01:48 Altar of Darkness
01:52 Crypt
01:56 Ziggurat
02:32 Graveyard
02:51 Tomb of Relics
03:16 Ziggurat
05:17 Halls of the Dead
05:54 Nerubian Tower
06:17 Spirit Tower
» items
| Rod of Necromancy | 1 | |
| Healing Salve | 1 | |
| Lesser Clarity Potion | 1 | |
3 total
vupg.3 (
blue | 80 APM | 1734 actions | 21:48)
5 Blademaster
3 Wind Walk
2 Critical Strike
3 Shadow Hunter
1 Hex
2 Healing Wave
» actions
| Assign group hotkey | 30 | |
| Basic commands | 24 | |
| Build / train | 61 | |
| Enter build submenu | 19 | |
| Enter hero's abilities submenu | 8 | |
| Give item / drop item | 2 | |
| Remove unit from queue | 1 | |
| Right click | 637 | |
| Select / deselect | 315 | |
| Select group hotkey | 537 | |
| Use ability | 100 | |
1734 total
» units
» upgrades
| Spiked Barricades | 1 | |
| Melee Weapons | 2 | |
| Armor | 1 | |
| Shaman Training | 2 | |
| Pulverize | 1 | |
| Reinforced Defenses | 1 | |
8 total
» buildings
| Orc Burrow | 5 | |
| Altar of Storms | 1 | |
| War Mill | 1 | |
| Voodoo Lounge | 2 | |
| Barracks | 1 | |
| Stronghold | 1 | |
| Watch Tower | 3 | |
| Fortress | 1 | |
| Spirit Lodge | 1 | |
| Tauren Totem | 2 | |
| Great Hall | 1 | |
19 total
» build order
00:09 Orc Burrow
00:13 Altar of Storms
00:54 War Mill
01:07 Voodoo Lounge
01:43 Barracks
01:59 Orc Burrow
03:23 Stronghold
04:29 Watch Tower
04:33 Watch Tower
04:51 Voodoo Lounge
05:49 Fortress
06:32 Spirit Lodge
08:22 Tauren Totem
08:24 Tauren Totem
08:57 Orc Burrow
09:02 Watch Tower
11:26 Orc Burrow
11:37 Orc Burrow
15:39 Great Hall
» items
| Healing Salve | 4 | |
| Lesser Clarity Potion | 4 | |
| Circlet of Nobility | 1 | |
| Boots of Speed | 1 | |
| Potion of Healing | 5 | |
| Orb of Lightning | 1 | |
| Scroll of Town Portal | 1 | |
17 total

»
AwOLMaGe (
green | 42 APM | 1089 actions | 25:55)
4 Mountain King
2 Storm Bolt
2 Thunder Clap
» actions
| Basic commands | 55 | |
| Build / train | 97 | |
| ESC pressed | 1 | |
| Enter build submenu | 43 | |
| Enter hero's abilities submenu | 4 | |
| Remove unit from queue | 2 | |
| Right click | 366 | |
| Select / deselect | 437 | |
| Use ability | 84 | |
1089 total
» units
| Peasant | 21 | |
| Footman | 18 | |
| Knight | 13 | |
52 total
» upgrades
| Defend | 2 | |
| Plating | 2 | |
| Swords | 2 | |
| Masonry | 3 | |
| Lumber Harvesting | 1 | |
| Animal War Training | 1 | |
11 total
» buildings
| Farm | 10 | |
| Altar of Kings | 1 | |
| Barracks | 2 | |
| Scout Tower | 16 | |
| Lumber Mill | 1 | |
| Arcane Tower | 1 | |
| Blacksmith | 1 | |
| Town Hall | 5 | |
| Arcane Vault | 1 | |
| Guard Tower | 14 | |
| Keep | 1 | |
| Workshop | 2 | |
| Castle | 1 | |
56 total
» build order
00:04 Farm
00:08 Altar of Kings
00:43 Barracks
01:05 Farm
01:52 Scout Tower
01:55 Farm
02:17 Lumber Mill
02:21 Arcane Tower
02:36 Farm
03:29 Farm
05:07 Blacksmith
05:11 Scout Tower
05:18 Town Hall
05:42 Arcane Vault
06:01 Guard Tower
06:01 Guard Tower
06:59 Keep
07:09 Scout Tower
07:12 Farm
07:38 Farm
07:39 Farm
07:47 Scout Tower
07:50 Scout Tower
08:07 Guard Tower
08:07 Guard Tower
08:26 Barracks
08:32 Scout Tower
09:03 Scout Tower
09:06 Guard Tower
09:09 Farm
09:13 Guard Tower
09:16 Scout Tower
09:43 Guard Tower
09:46 Farm
09:50 Scout Tower
09:56 Scout Tower
10:40 Guard Tower
10:54 Scout Tower
10:55 Guard Tower
10:58 Scout Tower
11:03 Guard Tower
11:08 Workshop
11:18 Scout Tower
11:35 Castle
11:36 Guard Tower
11:38 Guard Tower
11:46 Scout Tower
11:56 Scout Tower
12:19 Scout Tower
13:23 Guard Tower
14:07 Guard Tower
15:03 Town Hall
15:42 Workshop
19:18 Town Hall
22:50 Town Hall
23:30 Town Hall
» items
| Scroll of Town Portal | 2 | |
| Scroll of Regeneration | 2 | |
| Potion of Healing | 1 | |
5 total

»
AKIL_AMMAR (
pink | 60 APM | 1564 actions | 25:57)
3 Blademaster
2 Wind Walk
1 Critical Strike
4 Shadow Hunter
2 Serpent Ward
2 Hex
» actions
| Assign group hotkey | 55 | |
| Basic commands | 100 | |
| Build / train | 115 | |
| Enter build submenu | 20 | |
| Enter hero's abilities submenu | 7 | |
| Remove unit from queue | 5 | |
| Right click | 385 | |
| Select / deselect | 359 | |
| Select group hotkey | 341 | |
| Use ability | 177 | |
1564 total
» units
| Peon | 16 | |
| Wind Rider | 14 | |
| Shaman | 25 | |
| Troll Witch Doctor | 1 | |
56 total
» upgrades
| Spiked Barricades | 2 | |
| Shaman Training | 2 | |
| Envenomed Spears | 1 | |
| Witch Doctor Training | 2 | |
| Reinforced Defenses | 1 | |
| Ranged Weapons | 1 | |
9 total
» buildings
| Altar of Storms | 1 | |
| Orc Burrow | 5 | |
| Voodoo Lounge | 1 | |
| War Mill | 1 | |
| Stronghold | 1 | |
| Watch Tower | 10 | |
| Spirit Lodge | 1 | |
| Beastiary | 1 | |
| Fortress | 1 | |
| Great Hall | 1 | |
23 total
» build order
00:11 Altar of Storms
00:18 Orc Burrow
01:06 Voodoo Lounge
01:48 War Mill
03:04 Stronghold
03:25 Watch Tower
03:28 Watch Tower
03:44 Watch Tower
03:49 Orc Burrow
04:02 Watch Tower
04:45 Orc Burrow
06:31 Spirit Lodge
06:47 Beastiary
08:24 Fortress
09:01 Watch Tower
09:10 Orc Burrow
10:09 Orc Burrow
15:21 Great Hall
17:16 Watch Tower
17:18 Watch Tower
17:19 Watch Tower
17:19 Watch Tower
21:42 Watch Tower
» items
| Healing Salve | 4 | |
| Lesser Clarity Potion | 10 | |
| Boots of Speed | 2 | |
| Staff of Teleportation | 4 | |
| Scroll of Town Portal | 7 | |
| Scroll of Regeneration | 1 | |
| Potion of Healing | 1 | |
29 total
team 2 (winner)

»
itowerlikeajew (
orange | 86 APM | 2234 actions | 25:58)
5 Death Knight
3 Death Coil
2 Unholy Aura
4 Crypt Lord
2 Impale
2 Carrion Beetles
» actions
| Assign group hotkey | 146 | |
| Basic commands | 43 | |
| Build / train | 66 | |
| Enter build submenu | 17 | |
| Enter hero's abilities submenu | 9 | |
| Give item / drop item | 1 | |
| Remove unit from queue | 2 | |
| Right click | 1255 | |
| Select / deselect | 372 | |
| Select group hotkey | 201 | |
| Use ability | 122 | |
2234 total
» units
| Acolyte | 8 | |
| Ghoul | 4 | |
| Crypt Fiend | 8 | |
| Obsidian Statue | 2 | |
| Meatwagon | 2 | |
24 total
» upgrades
| Creature Attack | 2 | |
| Creature Carapace | 2 | |
| Burrow | 1 | |
| Web | 1 | |
| Unholy Strength | 2 | |
| Unholy Armor | 2 | |
| Disease Cloud | 1 | |
| Exhume Corpses | 1 | |
| Stone Form | 1 | |
13 total
» buildings
| Altar of Darkness | 1 | |
| Ziggurat | 8 | |
| Graveyard | 1 | |
| Crypt | 2 | |
| Nerubian Tower | 1 | |
| Halls of the Dead | 1 | |
| Slaughterhouse | 2 | |
| Tomb of Relics | 1 | |
| Necropolis | 1 | |
| Sacrificial Pit | 1 | |
| Spirit Tower | 3 | |
| Black Citadel | 1 | |
23 total
» build order
00:33 Altar of Darkness
00:35 Ziggurat
00:45 Graveyard
00:58 Crypt
01:42 Ziggurat
02:04 Crypt
03:35 Nerubian Tower
03:37 Ziggurat
04:52 Halls of the Dead
08:51 Slaughterhouse
09:20 Ziggurat
09:21 Ziggurat
09:30 Slaughterhouse
10:29 Tomb of Relics
10:46 Necropolis
13:46 Ziggurat
13:46 Ziggurat
13:48 Ziggurat
14:37 Sacrificial Pit
14:56 Spirit Tower
15:08 Black Citadel
17:22 Spirit Tower
17:23 Spirit Tower
17:34 Halls of the Dead
» items
| Scroll of Town Portal | 3 | |
| Rod of Necromancy | 2 | |
| Potion of Healing | 1 | |
| Orb of Corruption | 1 | |
| Scroll of Healing | 1 | |
8 total

»
ssjsgj (
purple | 116 APM | 3004 actions | 25:58)
6 Warden
3 Shadow Strike
3 Blink
» actions
| Assign group hotkey | 32 | |
| Basic commands | 47 | |
| Build / train | 131 | |
| Enter build submenu | 24 | |
| Enter hero's abilities submenu | 6 | |
| Remove unit from queue | 14 | |
| Right click | 934 | |
| Select / deselect | 528 | |
| Select group hotkey | 1208 | |
| Use ability | 80 | |
3004 total
» units
| Wisp | 14 | |
| Huntress | 4 | |
| Archer | 8 | |
| Dryad | 10 | |
| Druid of the Talon | 4 | |
| Chimaera | 4 | |
44 total
» upgrades
| Improved Bows | 1 | |
| Strength of the Moon | 3 | |
| Moon Armor | 3 | |
| Abolish Magic | 1 | |
| Marksmanship | 1 | |
| Druid of the Talon Training | 2 | |
| Strength of the Wild | 2 | |
| Reinforced Hides | 2 | |
| Corrosive Breath | 1 | |
16 total
» buildings
| Altar of Elders | 1 | |
| Moon Well | 8 | |
| Hunter's Hall | 1 | |
| Ancient of War | 2 | |
| Ancient of Wonders | 1 | |
| Tree of Ages | 5 | |
| Ancient of Lore | 2 | |
| Tree of Life | 1 | |
| Ancient of Wind | 1 | |
| Tree of Eternity | 4 | |
| Chimaera Roost | 2 | |
28 total
» build order
00:08 Altar of Elders
00:11 Moon Well
01:26 Hunter's Hall
01:54 Ancient of War
01:58 Moon Well
02:36 Ancient of War
03:14 Moon Well
03:26 Ancient of Wonders
05:37 Tree of Ages
05:37 Tree of Ages
05:37 Tree of Ages
05:38 Tree of Ages
06:03 Moon Well
08:00 Ancient of Lore
08:15 Ancient of Lore
09:47 Moon Well
09:51 Tree of Life
12:42 Ancient of Wind
13:04 Tree of Eternity
13:04 Tree of Eternity
13:05 Tree of Eternity
17:04 Moon Well
17:50 Moon Well
18:57 Moon Well
19:38 Chimaera Roost
20:43 Chimaera Roost
» items
| Dust of Appearance | 1 | |
| Lesser Clarity Potion | 1 | |
| Moonstone | 1 | |
| Potion of Healing | 3 | |
| Scroll of Town Portal | 1 | |
| Orb of Venom | 1 | |
8 total
Fabinho (
teal | 74 APM | 1917 actions | 25:58)
5 Demon Hunter
3 Evasion
2 Mana Burn
4 Keeper of the Grove
2 Entangling Roots
2 Thorns Aura
» actions
| Assign group hotkey | 204 | |
| Basic commands | 134 | |
| Build / train | 82 | |
| Enter build submenu | 16 | |
| Enter hero's abilities submenu | 10 | |
| Remove unit from queue | 4 | |
| Right click | 835 | |
| Select / deselect | 306 | |
| Select group hotkey | 233 | |
| Use ability | 93 | |
1917 total
» units
| Wisp | 10 | |
| Huntress | 20 | |
| Druid of the Claw | 15 | |
| Dryad | 11 | |
| Glaive Thrower | 2 | |
58 total
» upgrades
| Moon Armor | 1 | |
| Strength of the Moon | 1 | |
| Reinforced Hides | 2 | |
| Druid of the Claw Training | 2 | |
| Abolish Magic | 1 | |
| Strength of the Wild | 1 | |
8 total
» buildings
| Moon Well | 7 | |
| Altar of Elders | 1 | |
| Hunter's Hall | 1 | |
| Ancient of War | 2 | |
| Tree of Ages | 1 | |
| Ancient of Lore | 2 | |
| Tree of Eternity | 1 | |
| Ancient Protector | 1 | |
| Tree of Life | 1 | |
17 total
» build order
00:11 Moon Well
00:13 Altar of Elders
01:04 Hunter's Hall
01:28 Ancient of War
01:54 Ancient of War
02:12 Moon Well
04:10 Tree of Ages
04:43 Moon Well
05:08 Moon Well
07:42 Ancient of Lore
07:47 Ancient of Lore
10:56 Moon Well
11:21 Tree of Eternity
15:19 Moon Well
15:50 Ancient Protector
16:40 Moon Well
23:20 Tree of Life

»
WII-U-GONNA-ROC (
red | 98 APM | 2550 actions | 25:59)
6 Death Knight
3 Death Coil
1 Unholy Aura
1 Death Pact
1 Animate Dead
4 Lich
2 Frost Nova
2 Dark Ritual
» actions
| Assign group hotkey | 46 | |
| Build / train | 79 | |
| Enter build submenu | 17 | |
| Enter hero's abilities submenu | 10 | |
| Right click | 1276 | |
| Select / deselect | 261 | |
| Select group hotkey | 761 | |
| Use ability | 100 | |
2550 total
» units
| Acolyte | 11 | |
| Ghoul | 3 | |
| Crypt Fiend | 19 | |
| Frost Wyrm | 1 | |
34 total
» upgrades
| Web | 1 | |
| Burrow | 1 | |
| Creature Attack | 3 | |
| Creature Carapace | 2 | |
| Freezing Breath | 1 | |
8 total
» buildings
| Graveyard | 1 | |
| Crypt | 3 | |
| Altar of Darkness | 1 | |
| Ziggurat | 6 | |
| Tomb of Relics | 1 | |
| Nerubian Tower | 1 | |
| Halls of the Dead | 2 | |
| Necropolis | 1 | |
| Black Citadel | 1 | |
| Sacrificial Pit | 1 | |
| Boneyard | 2 | |
20 total
» build order
00:08 Graveyard
00:10 Crypt
00:31 Altar of Darkness
00:49 Ziggurat
01:08 Tomb of Relics
01:51 Ziggurat
02:06 Nerubian Tower
03:57 Halls of the Dead
03:57 Halls of the Dead
04:25 Ziggurat
05:07 Ziggurat
05:25 Crypt
09:54 Ziggurat
09:55 Ziggurat
14:57 Necropolis
15:21 Black Citadel
17:09 Sacrificial Pit
21:11 Boneyard
21:12 Boneyard
21:38 Crypt
» items
| Rod of Necromancy | 2 | |
| Dust of Appearance | 3 | |
| Scroll of Town Portal | 3 | |
| Potion of Lesser Invulnerability | 3 | |
| Scroll of Healing | 3 | |
14 total
Chat log
(00:14 / Allies) WII-U-GONNA-ROC: 100g
(00:24 / Allies) itowerlikeajew: rush or cc?
(00:31 / Allies) Fabinho: gogo rush?
(00:41 / Allies) itowerlikeajew: id like to rush
(00:56 / Allies) Fabinho: rush?
(00:58 / Allies) Fabinho: yes?
(01:03 / Allies) itowerlikeajew: im down
(01:16 / Allies) Fabinho: mo inglesss
(01:21 / Allies) Fabinho: yesssssssssssss or noooooooooooo?
(01:30 / Allies) WII-U-GONNA-ROC: yes
(01:37 / Allies) Fabinho: ok
(01:40 / Allies) Fabinho: my huntsss masss huntsss
(01:44 / Allies) Fabinho: demon hero
(03:17 / Allies) itowerlikeajew: never try solo that camp its awful
(03:19 / Allies) itowerlikeajew: shud be an orange
(03:48 / Allies) Fabinho: gogo
(03:49 / Allies) itowerlikeajew: rush him yes?
(04:10 / Allies) itowerlikeajew: im going
(04:18 / Allies) Fabinho: 1 segunde
(04:21 / Allies) Fabinho: ¬¬¬
(04:28 / Allies) ssjsgj: gg
(04:30 / Allies) WII-U-GONNA-ROC: coming
(04:33 / Allies) itowerlikeajew: ..?
(04:43 / Allies) itowerlikeajew: hes gonna get wyverns
(04:44 / Allies) itowerlikeajew: rush some1 else
(04:45 / Allies) itowerlikeajew: its nbd
(04:54 / Allies) Fabinho: go
(04:57 / Allies) Fabinho: regrup
(04:59 / Allies) Fabinho: regrup and atackkk
(05:10 / Allies) itowerlikeajew: no
(05:12 / Allies) itowerlikeajew: hit net
(05:21 / Allies) itowerlikeajew: ill have web for weyverns
(05:24 / Allies) itowerlikeajew: dont hit tower
(06:04 / Allies) Fabinho: shop
(06:20 / Allies) itowerlikeajew: behiund
(06:31 / Allies) itowerlikeajew: stop chasing
(06:38 / Allies) itowerlikeajew: coming
(06:40 / Allies) itowerlikeajew: stop
(07:15 / Allies) ssjsgj: nooob
(07:19 / Allies) ssjsgj: ggg
(07:39 / Allies) itowerlikeajew: u suck as for a 32
(07:51 / Allies) itowerlikeajew: main
(08:31 / All) WII-U-GONNA-ROC: leave
(08:56 / Allies) WII-U-GONNA-ROC: expo by ur base purp
(09:14 / Allies) itowerlikeajew: im back to cc an expo
(09:19 / Allies) WII-U-GONNA-ROC: lets rape their expos
(09:27 / Allies) itowerlikeajew: u guys do it i need to expo ill brt tho
(09:33 / Allies) itowerlikeajew: we need melee
(09:41 / Allies) WII-U-GONNA-ROC: take
(10:57 / Allies) itowerlikeajew: the expo
(11:25 / Allies) Fabinho: torresss
(11:54 / Allies) Fabinho: my dryads ok
(12:02 / Allies) itowerlikeajew: we need melee
(12:40 / Allies) Fabinho: b
(14:03 / Allies) WII-U-GONNA-ROC: another base
(14:09 / Allies) itowerlikeajew: back
(14:29 / Allies) WII-U-GONNA-ROC: tp
(14:36 / Allies) WII-U-GONNA-ROC: WTF ARE U DOING PURPLE
(14:43 / Allies) itowerlikeajew: purple fucking sucks
(14:58 / Allies) Fabinho: gold?
(15:00 / Allies) Fabinho: golddd
(15:01 / Allies) itowerlikeajew: we need dispell and melee
(15:06 / Allies) Fabinho: my dryadss and glavess ok
(15:15 / Allies) itowerlikeajew: id like some serious melee
(15:38 / Allies) Fabinho: regrup and atackk
(15:42 / Allies) WII-U-GONNA-ROC: get back
(15:49 / Allies) WII-U-GONNA-ROC: tp?
(15:52 / Allies) itowerlikeajew: yes
(15:52 / Allies) itowerlikeajew: yes
(16:29 / All) WII-U-GONNA-ROC: leave faggots
(17:02 / Allies) Fabinho: oko my bearss
(17:07 / Allies) itowerlikeajew: ok hit expos and fuck em
(17:26 / Allies) WII-U-GONNA-ROC: not green
(19:01 / Allies) itowerlikeajew: need fucking melee people
(20:27 / All) WII-U-GONNA-ROC: u guys are faggots
(20:37 / All) AKIL_AMMAR: YEA MOTHAFUCKA
(21:23 / All) WII-U-GONNA-ROC: LEAVE JACKASSES
(21:37 / Allies) itowerlikeajew: ty red
(21:42 / All) FurryAvengeR: i have a fiend
(21:52 / All) WII-U-GONNA-ROC: dont tower next time
(22:01 / All) itowerlikeajew: u got stmped hard
(22:05 / All) itowerlikeajew: and we had shitty noob purp
(22:28 / All) WII-U-GONNA-ROC: wasnt purple gonna leave at start cuz he lost his hero?
(22:30 / All) WII-U-GONNA-ROC: lolz
(22:34 / All) itowerlikeajew: yeah
(23:26 / All) itowerlikeajew: die bitch
(23:32 / All) WII-U-GONNA-ROC: for rome
(25:05 / Allies) Fabinho: GOLDD
(25:28 / All) AKIL_AMMAR: 1 ?
(25:30 / All) WII-U-GONNA-ROC: if u guys need a 4v4rt clan join clan s4s
(25:32 / All) AwOLMaGe: gg